 Dungeon Crawl Stone Soup version 0.21.1-1-g345015f (webtiles) character file.

23 Gremour the Sneak (level 2, -4/19 HPs)
             Began as a Vampire Enchanter on June 11, 2018.
             Slain by a hobgoblin
             ... wielding a +0 club
              (7 damage)
             ... on level 1 of the Dungeon.
             The game lasted 00:08:36 (1098 turns).

Gremour the Sneak (Vampire Enchanter)               Turns: 1098, Time: 00:08:37

Health: -4/19      AC:  2    Str:  7    XL:     2   Next: 72%
Magic:  2/5        EV: 12    Int: 17    God:
Gold:   84         SH:  0    Dex: 14    Spells: 2/5 levels left

rFire    . . .     SeeInvis +   k - +2 dagger (drain)
rCold    . . .     Gourm    .   (no shield)
rNeg     + . .     Faith    .   b - +0 robe
rPois    .         Spirit   .   (no helmet)
rElec    .         Reflect  .   (no cloak)
rCorr    .         Harm     .   (no gloves)
MR       .....                  (no boots)
Stlth    +++.......             (no amulet)
HPRegen  0.06/turn              (no ring)
MPRegen  0.09/turn              (no ring)

@: no status effects
A: fangs 3, see invisible, unbreathing
a: no special abilities


You were on level 1 of the Dungeon.
You were not thirsty.

You visited 1 branch of the dungeon, and saw 1 of its levels.

You collected 84 gold pieces.

Inventory:

Hand Weapons
 a - a +1 dagger
 k - a +2 dagger of draining (weapon)
Armour
 b - a +0 robe (worn)
Jewellery
 e - an uncursed ring of ice {unknown}
Scrolls
 f - a scroll of identify {unknown}
 g - a scroll of magic mapping {unknown}
 i - 2 scrolls of teleportation
Potions
 d - 2 potions of blood
 h - a potion of agility {unknown}
 j - 2 potions of mutation {unknown}
 l - a potion of might {unknown}
 m - 3 potions of curing {unknown}
Books
 c - a book of Maledictions

   Spells                             Type                      Level
   a - Corona                         Hexes                        1
   b - Ensorcelled Hibernation        Hexes/Ice                    2
   c - Confuse                        Hexes                        3
   d - Tukima's Dance                 Hexes                        3
   e - Dazzling Spray                 Conjuration/Hexes            3


   Skills:
 + Level 1.8 Short Blades
 - Level 2.1 Dodging
 * Level 5.7 Stealth
 - Level 2.0 Spellcasting
 - Level 4.4 Hexes
 - Level 0.2 Ice Magic


You had 2 spell levels left.
You knew the following spells:

 Your Spells              Type           Power        Failure   Level  Hunger
a - Corona                Hex            ###....      3%          1    #......
h - Ensorcelled Hibernat  Hex/Ice        #.....       12%         2    ###....


Dungeon Overview and Level Annotations

Branches:
Dungeon (1/15)

Altars:


Innate Abilities, Weirdness & Mutations

You have razor-sharp teeth.
You have supernaturally acute eyesight. (SInv)
You can survive without breathing.


Message History

You hit the hobgoblin but do no damage. You bite the hobgoblin.
The hobgoblin is almost dead.
The hobgoblin hits you.
You hit the hobgoblin.
You kill the hobgoblin!
Casting: Corona
Confirm with . or Enter, or press ? or * to list all spells.
Aiming: Corona
Press: ? - help, Shift-Dir - straight line, f - hobgoblin
Aim: a hobgoblin, wielding a club (chance to defeat MR: 71%)
The hobgoblin is outlined in light.
The hobgoblin barely misses you.
You barely miss the hobgoblin. The hobgoblin hits you with a club.
You closely miss the hobgoblin.
You bite the hobgoblin, but do no damage.
The hobgoblin hits you with a club.
* * * LOW HITPOINT WARNING * * *
You hit the hobgoblin.
The hobgoblin is severely wounded.
The hobgoblin hits you with a club!
You die...

#####... ## #.......
. # #......#.##.#
#..[...#$l..#
#.......[!#
#.....l##.#.)#
#####+###g.g....#
#... #....†####..#
..#. #.(..lgg@..#
###..#..#.....######
..%..#..#.....#
.....#........#
.....####.....#
.........>..#.###
..##.####.......#
......# #...#.#.#
##....###...#)#...


You could see a hobgoblin, a goblin and a frilled lizard.

Vanquished Creatures
  2 bats (D:1)
  2 giant cockroaches (D:1)
  4 goblins (D:1)
  2 hobgoblins (D:1)
  3 jackals (D:1)
  A frilled lizard (D:1)
  2 kobolds (D:1)
  4 rats (D:1)
20 creatures vanquished.

Notes
Turn   | Place    | Note
-------+----------+-------------------------------------------
     0 | D:1      | Gremour the Vampire Enchanter began the quest for the Orb.
     0 | D:1      | Reached XP level 1. HP: 13/13 MP: 3/3
    83 | D:1      | Reached skill level 5 in Stealth
   458 | D:1      | Reached XP level 2. HP: 17/19 MP: 3/5
   525 | D:1      | Learned a level 2 spell: Ensorcelled Hibernation
  1098 | D:1      | Slain by a hobgoblin

Skill      XL: |  1 |
---------------+----+-----
Stealth        | 5 |  5.7
Short Blades   | |  1.8
Dodging        | |  2.1
Spellcasting   | |  2.0
Hexes          | |  4.4
Ice Magic      | |  0.2

Action                   || total
-------------------------++-------
Melee: Dagger            ||    61
       Short sword       ||    15
       Bite              ||     5
 Cast: Corona            ||    15
       Ensorcelled Hiber ||     6
  Use: Scroll            ||     3
       Potion            ||     1
 Stab: Sleeping          ||     4
Armor: Robe              ||     9
Dodge: Dodged            ||    50
